 Dungeon Crawl Stone Soup version 0.31-a0-175-g9f7f995f2b (webtiles) character file.

Game seed: 5634328114096690617

501 qw the Shooter (level 7, -1/43 HPs)
             Began as a Gargoyle Hunter on June 17, 2023.
             Slain by a bullfrog (2 damage)
             ... on level 7 of the Dungeon.
             The game lasted 00:01:19 (3498 turns).

qw the Shooter (Gargoyle Hunter)                    Turns: 3498, Time: 00:01:20

Health: -1/43      AC: 11    Str: 14    XL:     7   Next: 17%
Magic:  7/7        EV: 11    Int: 10    God:
Gold:   89         SH:  0    Dex: 15    Spells: 6/6 levels left

rFire   . . .        Y - +1 shortbow
rCold   . . .        (shield currently unavailable)
rNeg    + . .        g - +0 ring mail
rPois   inf          (no helmet)
rElec   +            b - +0 cloak
rCorr   .            (no gloves)
SInv    .            (no boots)
Will    .....        (no amulet)
Stlth   +            (no ring)
HPRegen 0.27/turn    (no ring)
MPRegen 0.10/turn

%: no passive effects
@: no status effects
A: sickness immunity, AC +4, negative energy resistance 1, electricity
resistance, torment resistance 1, petrification resistance
a: no special abilities


You were on level 7 of the Dungeon.
You visited 1 branch of the dungeon, and saw 5 of its levels.

You collected 211 gold pieces.
You spent 122 gold pieces at shops.


Innate Abilities, Weirdness & Mutations

You are immune to sickness and miasma.
Your stone body is resilient. (AC +4)
You are immune to poison.
You resist negative energy. (rN+)
You are resistant to electric shocks. (rElec)
You are resistant to unholy torment.
You are immune to petrification.


   Skills:
 - Level 4.0 Fighting
 + Level 7.2 Ranged Weapons
 - Level 2.7 Armour
 - Level 1.5 Dodging
 - Level 1.1 Stealth


You had 6 spell levels left.
You didn't know any spells.
Your spell library was empty.

Inventory:

Hand Weapons
 Y - a +1 shortbow (weapon)
Armour
 b - a +0 cloak (worn)
 g - a +0 ring mail (worn)
Jewellery
 j - a ring of ice
Scrolls
 e - 2 scrolls of identify
Potions
 a - 2 potions of curing
 d - a potion of resistance
 h - a potion of lignification
 i - a potion of enlightenment

Dungeon Overview and Level Annotations

Branches:
Dungeon (7/15)
 Temple: D:4-7

Altars:
Cheibriados
Fedhas
Gozag
Kikubaaqudgha
Nemelex Xobeh
Trog
Uskayaw
Vehumet
The Shining One

Shops:
D:2 ?*


Message History

The bullfrog hits you but does no damage.
The bullfrog hits you.
You shoot an arrow. The arrow hits the bullfrog.
The bullfrog is almost dead.
The bullfrog hits you. x2
The bullfrog hits you but does no damage.
The bullfrog barely misses you.
The bullfrog hits you but does no damage.
The bullfrog hits you.
3492 ||| DRINKING potion of heal wounds.
You feel much better. The bullfrog hits you. The bullfrog misses you.
The bullfrog hits you. The bullfrog closely misses you.
You shoot an arrow. The arrow hits the bullfrog!
You kill the bullfrog!
The bullfrog misses you. The bullfrog hits you.
The bullfrog hits you but does no damage.
Your Ranged Weapons skill increases to level 7!
You shoot an arrow. The arrow barely misses the bullfrog.
The bullfrog hits you but does no damage. x4
You shoot an arrow. The arrow hits the bullfrog!
The bullfrog is moderately wounded.
The bullfrog barely misses you. The jelly closely misses you.
The bullfrog closely misses you.
The bullfrog hits you but does no damage.
You shoot an arrow. The arrow hits the bullfrog!
The bullfrog is almost dead.
The bullfrog hits you but does no damage.
The bullfrog barely misses you. The jelly completely misses you.
The bullfrog hits you!
The bullfrog snags a nearby moth with its tongue.
The bullfrog hits you. The jelly barely misses you.
You shoot an arrow. The arrow hits the bullfrog.
The bullfrog is almost dead.
The bullfrog closely misses you.
The bullfrog hits you but does no damage.
The bullfrog barely misses you. The jelly closely misses you.
You shoot an arrow. The arrow barely misses the bullfrog.
The bullfrog hits you. The bullfrog closely misses you. The bullfrog hits you.
You die...

##..## #..#
##.# #.## ##.#
#.## #..##
##..## #.@.#
#.FJF.#
#.........
#............
#.............
#............~
#............}~
........<.....~


You could see 2 bullfrogs and a jelly.

Vanquished Creatures
  A water moccasin (D:7)
  2 bullfrogs (D:7)
  A scorpion (D:4)
  3 jellies (D:4)
  3 adders
  A worm (D:3)
  4 dart slugs
  An orc (D:3)
  14 endoplasms
  4 giant cockroaches
  7 goblins
  8 hobgoblins
  6 jackals
  2 quokkas
  8 ball pythons
  3 bats
  4 frilled lizards
  11 kobolds
  6 rats
89 creatures vanquished.

Notes
Turn   | Place    | Note
-------+----------+-------------------------------------------
     0 | D:1      | qw the Gargoyle Hunter began the quest for the Orb.
     0 | D:1      | Reached XP level 1. HP: 12/12 MP: 1/1
     0 | D:1      | 0 ||| qw: Version: 0.3-a-2-g5ab2908
     0 | D:1      | 0 ||| qw: Game counter: 222
     0 | D:1      | 0 ||| qw: Always use a shield: true
     0 | D:1      | 0 ||| qw: God list: Okawaru
     0 | D:1      | 0 ||| qw: Allow faded altars: false
     0 | D:1      | 0 ||| qw: Do Orc after D:15 true
     0 | D:1      | 0 ||| qw: Do second Lair branch before Depths: true
     0 | D:1      | 0 ||| qw: Lair rune preference: random
     0 | D:1      | 0 ||| qw: Plans: Normal, Zot:1-4, Slime:5, God:TSO, Crypt,
                  | Tomb, Abyss, Pan, Hells, Win
     0 | D:1      | 0 ||| PLANNING D:1-11
    84 | D:1      | 84 ||| READING scroll labelled QYLYCIRIAPA.
    85 | D:1      | 85 ||| DROPPING scroll of butterflies.
   133 | D:1      | Reached XP level 2. HP: 17/17 MP: 2/2
   361 | D:1      | 361 ||| UPGRADING to +0 cloak.
   366 | D:1      | 366 ||| READING scroll labelled ISHORR YTAA.
   367 | D:1      | 367 ||| READING scroll labelled DIYBLI NEME.
   397 | D:1      | 397 ||| FLEEEEING.
   934 | D:1      | Reached XP level 3. HP: 21/21 MP: 3/3
   940 | D:1      | 940 ||| READING scroll labelled NERUERUACA.
   972 | D:2      | Found an ancient bone altar of Kikubaaqudgha.
   978 | D:2      | 978 ||| STAIRDANCE
   983 | D:1      | Reached skill level 5 in Ranged Weapons
   989 | D:1      | HP: 5/21 [jackal (2)]
  1314 | D:2      | Reached skill level 3 in Fighting
  1518 | D:2      | Reached XP level 4. HP: 26/28 MP: 4/4
  1590 | D:2      | Found Zoetwuvo's Magic Scroll Shoppe.
  1593 | D:2      | 1593 ||| BUYING scroll of enchant weapon (82 gold).
  1593 | D:2      | Bought a scroll of enchant weapon for 82 gold pieces
  1593 | D:2      | 1593 ||| BUYING scroll of identify (22 gold).
  1593 | D:2      | Bought a scroll of identify for 22 gold pieces
  1593 | D:2      | 1593 ||| SHOPLISTING scroll of identify (22 gold, have 15).
  1593 | D:2      | 1593 ||| SHOPLISTING scroll of teleportation (33 gold, have
                  | 15).
  1593 | D:2      | 1593 ||| READING scroll of enchant weapon.
  1593 | D:2      | 1593 ||| ENCHANTING +0 shortbow.
  1794 | D:2      | Found Ziuphiuz's Assorted Antiques.
  1800 | D:2      | 1800 ||| BUYING lumpy orange potion (18 gold).
  1800 | D:2      | Bought a lumpy orange potion for 18 gold pieces
  1800 | D:2      | 1800 ||| SHOPLISTING murky golden potion (18 gold, have 9).
  1800 | D:2      | 1800 ||| SHOPLISTING pair of gloves (90 gold, have 9).
  1800 | D:2      | 1800 ||| SHOPLISTING scroll labelled COUSHR OREAF (20 gold,
                  | have 9).
  1800 | D:2      | 1800 ||| SHOPLISTING scroll labelled FUCHAJ OHUNGAM (20
                  | gold, have 9).
  1800 | D:2      | 1800 ||| SHOPLISTING scroll of identify (40 gold, have 9).
  1800 | D:2      | 1800 ||| SHOPLISTING smoky cyan potion (18 gold, have 9).
  2104 | D:2      | 2104 ||| READING scroll labelled LESACZ VON NAA.
  2105 | D:2      | 2105 ||| READING scroll labelled FUCHAJ OHUNGAM.
  2106 | D:2      | 2106 ||| READING scroll labelled ZYNWIH GATAXOMAUJ.
  2107 | D:2      | 2107 ||| DRINKING 3 lumpy orange potions.
  2108 | D:2      | 2108 ||| READING 4 scrolls of identify.
  2108 | D:2      | 2108 ||| IDENTIFYING puce potion
  2109 | D:2      | 2109 ||| READING 3 scrolls of identify.
  2109 | D:2      | 2109 ||| IDENTIFYING black potion
  2110 | D:2      | 2110 ||| READING 2 scrolls of identify.
  2110 | D:2      | 2110 ||| IDENTIFYING murky golden potion
  2111 | D:2      | 2111 ||| DROPPING potion of brilliance.
  2212 | D:3      | Found a glowing golden altar of the Shining One.
  2287 | D:3      | Found a snail-covered altar of Cheibriados.
  2378 | D:3      | Found a faded altar of an unknown god.
  2561 | D:3      | 2561 ||| UPGRADING to +0 ring mail.
  2571 | D:3      | 2571 ||| DROPPING +0 leather armour.
  2572 | D:3      | 2572 ||| READING 3 scrolls of identify.
  2572 | D:3      | 2572 ||| IDENTIFYING fuming cyan potion
  2573 | D:3      | 2573 ||| READING 2 scrolls of identify.
  2573 | D:3      | 2573 ||| IDENTIFYING smoky ruby potion
  2732 | D:4      | Found a hide-covered altar of Uskayaw.
  2732 | D:4      | Found an opulent altar of Gozag.
  2739 | D:4      | 2739 ||| FLEEEEING.
  2959 | D:4      | Found a sparkling altar of Nemelex Xobeh.
  2963 | D:4      | Found a blossoming altar of Fedhas.
  2968 | D:4      | Found a radiant altar of Vehumet.
  2971 | D:4      | Found a bloodstained altar of Trog.
  2971 | D:4      | Noticed a scorpion
  2980 | D:4      | Killed a scorpion
  2981 | D:4      | Reached XP level 5. HP: 26/32 MP: 5/5
  3237 | D:4      | Reached skill level 6 in Ranged Weapons
  3243 | D:4      | Reached XP level 6. HP: 26/37 MP: 6/6
  3367 | D:4      | You fall into a shaft and drop 3 floors!
  3390 | D:7      | Noticed a water moccasin
  3396 | D:7      | Killed a water moccasin
  3406 | D:7      | Reached XP level 7. HP: 31/43 MP: 7/7
  3480 | D:7      | 3480 ||| READING scroll labelled OHOXKU OZXE.
  3491 | D:7      | HP: 6/43 [bullfrog (6)]
  3492 | D:7      | 3492 ||| DRINKING potion of heal wounds.
  3494 | D:7      | Reached skill level 7 in Ranged Weapons
  3496 | D:7      | HP: 8/43 [bullfrog (7)]
  3498 | D:7      | HP: 1/43 [bullfrog (6)]
  3498 | D:7      | Slain by a bullfrog

Levels and vault maps discovered:
D:1:      lightli_iron_boxes, layout_rooms, serial_co_window_serial,
          co_window_paths_a, co_window_paths_b, co_window_corner_a,
          co_window_of_opportunity_a, co_window_paths_b,
          co_window_unsneaky_path_b, co_window_broadway_b, co_window_broadway_c,
          co_window_broadway_b, co_window_corner_cb, co_window_4corner_a,
          glass_columns_b, kennysheep_another_room, minmay_tromino_i2
D:2:      layout_basic, basic_altar, serial_shops, nicolae_shop_rolled_up, shop
D:3:      layout_basic, mainiacjoe_overflow_tiny_flanked,
          mainiacjoe_overflow_small_starburst,
          shapermc_ecumenical_altar_mp_highgroup
D:4:      cheibrodos_fertilizer, layout_basic,
          nicolae_overflow_hallway_of_the_gods, kennysheep_generic_room_9
D:7:      layout_cave_pods, hangedman_abyss_or_decor_stagger,
          minmay_misc_feat_diagonals, serial_park_tiny_pond

Skill      XL: |  1  2  3  4  5  6  7 |
---------------+----------------------+-----
Ranged Weapons | 5 6 7 |  7.2
Fighting       | 3 4 |  4.0
Armour         | 2 |  2.7
Dodging        | |  1.5
Stealth        | |  1.1

Action                     |  1- 3 |  4- 6 |  7- 9 || total
---------------------------+-------+-------+-------++-------
   Fire: Shortbow          |   122 |   137 |    17 ||   276
    Use: Scroll            |     4 |     9 |     1 ||    14
         Potion            |       |     1 |     1 ||     2
 Armour: Leather armour    |    30 |     7 |       ||    37
         Ring mail         |       |    19 |    18 ||    37
  Dodge: Dodged            |    49 |    37 |    24 ||   110

Table legend:
 A = Non-vault XP
 B = Vault XP
 C = Vault XP percentage of total XP
 D = Non-vault monster count
 E = Vault monster count
 F = Vault count percentage of total count
                 A         B        C        D         E       F
            +---------+---------+-------+---------+---------+-------
      Total |     553 |     163 |  22.8 |      66 |      23 |  25.8
            +---------+---------+-------+---------+---------+-------
        D:1 |      37 |       3 |   7.5 |      20 |       2 |   9.1
        D:2 |      63 |       0 |   0.0 |      24 |       0 |   0.0
        D:3 |      37 |       0 |   0.0 |      13 |       0 |   0.0
        D:4 |     102 |     160 |  61.1 |       6 |      21 |  77.8
        D:7 |     314 |       0 |   0.0 |       3 |       0 |   0.0
            +---------+---------+-------+---------+---------+-------
